 Dungeon Crawl Stone Soup version 0.19.1 (webtiles) character file.

263 ImaNewbie the Carver (level 5, -3/37 HPs)
             Began as a Minotaur Gladiator on Dec 13, 2016.
             Was an Initiate of Hepliaklqana.
             Slain by Perturabo's ghost (9 damage)
             ... in a sewer.
             The game lasted 00:05:33 (2725 turns).

ImaNewbie the Carver (Minotaur Gladiator)           Turns: 2725, Time: 00:05:33

Health: -3/37      AC:  6    Str: 21    XL:     5   Next: 98%
Magic:  4/4        EV: 16    Int:  5    God:    Hepliaklqana [......]
Gold:   205        SH:  0    Dex: 10    Spells: 0 memorised, 4 levels left

rFire  . . .     SeeInvis .     a - +1 long sword
rCold  + . .     Gourm    .     v - +0 leather armour {rC+}
rNeg   + . .     Faith    .     (no shield)
rPois  .         Spirit   .     c - +0 hat
rElec  .         Reflect  .     w - +0 cloak
rCorr  .         Harm     .     o - +0 pair of gloves
MR     .....                    q - +0 pair of boots
Stlth  +.........               (no amulet)
                                t - ring of positive energy
                                i - +4 ring of evasion

@: no status effects
A: retaliatory headbutt, reduced essence, horns 2
a: Recall Ancestor, Ancestor Identity, Renounce Religion


You were in a sewer.
You worshipped Hepliaklqana.
Hepliaklqana was noncommittal.
You were not hungry.

You visited 2 branches of the dungeon, and saw 5 of its levels.
You also visited: Sewer.

You collected 205 gold pieces.

Inventory:

Hand Weapons
 a - a +1 long sword (weapon)
Missiles
 d - 5 throwing nets (quivered)
 e - 23 poisoned needles
Armour
 c - a +0 hat (worn)
 o - a +0 pair of gloves (worn)
 q - a +0 pair of boots (worn)
 u - a +0 buckler
 v - a +0 leather armour of cold resistance (worn)
 w - a +0 cloak (worn)
Jewellery
 i - a +4 ring of evasion (left hand)
 t - a ring of positive energy (right hand)
Wands
 b - a wand of teleportation (4/9)
Scrolls
 j - a scroll of blinking
Potions
 g - a potion of brilliance {unknown}
 k - a potion of cancellation {unknown}
 n - a potion of cure mutation {unknown}
 r - a potion of ambrosia {unknown}
 z - a potion of haste {unknown}
 A - 2 potions of lignification {unknown}
 B - 2 potions of might {unknown}
 C - a potion of resistance {unknown}
Comestibles
 f - 5 bread rations
 h - a beef jerky
 l - 2 meat rations
 m - 12 chunks of flesh
 x - a slice of pizza
 D - 3 fruits


   Skills:
 - Level 2.4 Fighting
 + Level 8.1 Long Blades
 - Level 2.0 Throwing
 - Level 3.2 Dodging


You had 4 spell levels left.
You didn't know any spells.

Dungeon Overview and Level Annotations

Branches:
Dungeon (4/15)             Temple (1/1) D:4

Altars:
Cheibriados
Elyvilon
Hepliaklqana
Nemelex Xobeh
Okawaru

Annotations:
Sewer Perturabo's ghost, novice HOFi


Innate Abilities, Weirdness & Mutations

You reflexively headbutt those who attack you in melee.
You have a pair of horns on your head.
Your life essence is reduced. (-10% HP)


Message History

Perturabo's ghost barely misses you. You furiously retaliate!
You headbutt Perturabo's ghost, but do no damage.
The ooze closely misses you.
You riposte.
You completely miss the ooze. You hit Perturabo's ghost.
You headbutt Perturabo's ghost, but do no damage.
Perturabo's ghost is moderately damaged.
Perturabo's ghost hits you! The ooze barely misses you.
You riposte.
You hit the ooze.
The ooze is heavily wounded.
You barely miss Perturabo's ghost.
You headbutt Perturabo's ghost, but do no damage.
Perturabo's ghost is moderately damaged.
Perturabo's ghost hits you!
* * * LOW HITPOINT WARNING * * *
The ooze completely misses you.
You riposte.
You hit the ooze.
The ooze is severely wounded.
You enter the shallow water.
Moving in this stuff is going to be slow.
Perturabo's ghost hits you!
You die...

#JW≈#
##@≈##
#≈≈≈#
##.≈#
##
#≈≈##
≈#
#≈≈≈#
.#
##≈≈#
.#
#≈≈#
≈#
#≈≈#
≈#
#≈≈#
##
#≈≈# #
#≈≈# #
#.≈# #
#≈≈#
###
##≈≈#
≈.#
#≈≈≈#
≈≈#
#≈≈##


You could see Perturabo's ghost and an ooze.

Vanquished Creatures
  Natasha (D:4)
  3 gnolls (D:3)
  8 adders
  2 river rats (D:4)
  2 oozes (Sewer)
  3 leopard geckos (Sewer)
  7 ball pythons
  6 giant cockroaches
  6 goblins
  6 hobgoblins
  A jackal (D:4)
  10 bats
  10 frilled lizards
  7 kobolds
  12 rats
84 creatures vanquished.

Vanquished Creatures (collateral kills)
  A hound (D:4)
  A leopard gecko (Sewer)
  A jackal (D:4)
  3 ball pythons
  A rat (D:4)
7 creatures vanquished.

Vanquished Creatures (others)
  An ancestor (Sewer)
1 creature vanquished.

Grand Total: 92 creatures vanquished

Notes
Turn   | Place    | Note
-------+----------+-------------------------------------------
     0 | D:1      | ImaNewbie the Minotaur Gladiator began the quest for the Orb.
     0 | D:1      | Reached XP level 1. HP: 18/18 MP: 0/0
   230 | D:1      | Reached skill level 4 in Long Blades
   345 | D:1      | Reached XP level 2. HP: 23/25 MP: 1/1
   900 | D:2      | Reached skill level 5 in Long Blades
   900 | D:2      | Reached XP level 3. HP: 30/30 MP: 2/2
  1240 | D:2      | Found a white marble altar of Elyvilon.
  1279 | D:2      | Found a sparkling altar of Nemelex Xobeh.
  1370 | D:2      | Reached XP level 4. HP: 37/37 MP: 3/3
  1373 | D:2      | Reached skill level 6 in Long Blades
  1801 | D:3      | Found an iron altar of Okawaru.
  2407 | D:4      | Found a staircase to the Ecumenical Temple.
  2416 | Temple   | Entered the Ecumenical Temple
  2441 | Temple   | Became a worshipper of Hepliaklqana the Forgotten
  2464 | D:4      | Noticed Natasha
  2472 | D:4      | Killed Natasha
  2472 | D:4      | Reached skill level 7 in Long Blades
  2472 | D:4      | Reached XP level 5. HP: 31/37 MP: 4/4
  2512 | D:4      | Found a glowing drain.
  2528 | Sewer    | Entered a sewer
  2670 | Sewer    | Reached skill level 8 in Long Blades
  2707 | Sewer    | Noticed Perturabo's ghost (novice HOFi)
  2725 | Sewer    | Slain by Perturabo's ghost

Skill      XL: |  1  2  3  4  5 |
---------------+----------------+-----
Long Blades    | 4 5 7 8 |  8.1
Fighting       | |  2.4
Throwing       | |  2.0
Dodging        | |  3.2

Action                   |  1- 3 |  4- 6 || total
-------------------------+-------+-------++-------
Melee: Long sword        |    51 |    89 ||   140
       Headbutt          |     8 |    18 ||    26
Invok: Ancestor Identity |       |     1 ||     1
  Use: Scroll            |       |     5 ||     5
  Eat: Chunk             |     1 |     5 ||     6
Armor: Leather armour    |    11 |    20 ||    31
Dodge: Dodged            |    43 |    90 ||   133
       Rpst.: Long sword |    13 |    23 ||    36
